 Dungeon Crawl Stone Soup version 0.30-a0-553-g7fabdf1491 (webtiles) character file.

Game seed: 499712098245219145

4 oldriver the Charlatan (level 1, -5/18 HPs)
             Began as a Naga Artificer on Dec 26, 2022.
             Slain by a gnoll
             ... wielding a +1 spear of venom
              (7 damage)
             ... on level 1 of the Dungeon.
             The game lasted 00:00:15 (131 turns).

oldriver the Charlatan (Naga Artificer)              Turns: 131, Time: 00:00:16

Health: -5/18      AC:  2    Str: 14    XL:     1   Next: 70%
Magic:  1/1        EV:  9    Int: 11    God:
Gold:   10         SH:  0    Dex: 11    Spells: 0/0 levels left

rFire   . . .      SeeInvis +    a - +0 club
rCold   . . .      Faith    .    (no shield)
rNeg    . . .      Spirit   .    b - +0 leather armour
rPois   +          Reflect  .    (no helmet)
rElec   .          Harm     .    (no cloak)
rCorr   .          Rampage  .    (no gloves)
Will    .....                    (no barding)
Stlth   ++                       (no amulet)
HPRegen 0.23/turn                (no ring)
MPRegen 0.07/turn                (no ring)

@: lethally poisoned (-5 -> -15), very slow
A: AC +0, large, see invisible, deformed body, poison resistance, slowness 2,
spit poison 1, naga tail 1
a: Spit Poison


You were on level 1 of the Dungeon.
You visited 1 branch of the dungeon, and saw 1 of its levels.

You collected 10 gold pieces.

Inventory:

Hand Weapons
 a - a +0 club (weapon)
Armour
 b - a +0 leather armour (worn)
Wands
 c - a wand of flame (15)
 d - a wand of charming (15)
 e - a wand of iceblast (5)


   Skills:
 + Level 1.3 Fighting
 - Level 1.5 Armour
 - Level 0.7 Dodging
 + Level 2.2 Stealth
 - Level 3.0 Evocations


You couldn't memorise any spells.
You didn't know any spells.
Your spell library was empty.

Dungeon Overview and Level Annotations

Branches:
Dungeon (1/15)

Altars:


Innate Abilities, Weirdness & Mutations

Your serpentine skin is tough. (AC +0)
You have supernaturally acute eyesight. (SInv)
Armour fits poorly on your strangely shaped body.
Your system is resistant to poisons. (rPois)
You cover ground very slowly.
You can spit poison.
You have a snake-like lower body.


Message History

The bat barely misses you. The bat hits you. The bat closely misses you.
You closely miss the bat. The bat hits you but does no damage.
The bat hits you but does no damage. The bat misses you.
You closely miss the bat. The bat hits you.
The splash of poison hits the bat!
The bat is poisoned.
You kill the bat!
No target in view!
No target in view!
You have got your breath back.
HP restored.
You now have 10 gold pieces.
Found 3 stones.
A gnoll comes into view. It is wielding a +1 spear of venom.
The gnoll shouts!
You hear a shout!
A gnoll is nearby!
A gnoll is nearby!
A gnoll is nearby!
A rat comes into view.
Found 4 gold pieces.
The gnoll completely misses you.
The splash of poison hits the gnoll.
The gnoll is poisoned.
The gnoll is moderately wounded.
The gnoll hits you but does no damage.
You are poisoned.
You feel very sick.
The rat twitches its whiskers.
You feel very sick. The gnoll barely misses you.
You have got your breath back.
You feel sick.
You feel sick.
You feel sick.
The gnoll hits you from afar with a +1 spear of venom.
You are lethally poisoned!
You are too injured to fight recklessly!
* * * LOW HITPOINT WARNING * * *
You feel very sick.
The gnoll looks more healthy.
The gnoll hits you with a +1 spear of venom!
You die...

#.#.###....#.....#
#.#.#......#....#.
#.#.###....#.....#
#.#...............
#..........#####..
#.########## #..
#.# #.. #.# #.#
####@# #.. #...g#
#.# #...r# #..
#(...# ### #....#
#..............
###.........$..
...............
######.........


You could see a gnoll and a rat.

Vanquished Creatures
  4 bats (D:1)
4 creatures vanquished.

Notes
Turn   | Place    | Note
-------+----------+-------------------------------------------
     0 | D:1      | oldriver the Naga Artificer began the quest for the Orb.
     0 | D:1      | Reached XP level 1. HP: 18/18 MP: 1/1
   131 | D:1      | Slain by a gnoll

Illustrated notes

Levels and vault maps discovered:
D:1:      erik_arrival_blinker_ship, layout_basic, minivault_14

Skill      XL: |  1 |
---------------+----+-----
Stealth        | 2 |  2.2
Fighting       | |  1.3
Armour         | |  1.5
Dodging        | |  0.7
Evocations     | |  3.0

Action                   || total
-------------------------++-------
Melee: Club              ||     9
 Abil: Spit Poison       ||     4
Armor: Leather armour    ||    14
Dodge: Dodged            ||    11

Table legend: (Time is in decaauts)
 A = Elapsed time spent in this place.
 B = Non-inter-level travel time spent in this place.
 C = Inter-level travel time spent in this place.
 D = Time resting spent in this place.
 E = Time spent auto-exploring this place.
 F = Levels seen in this place.
 G = Mean time per level.
                   A        B        C        D        E       F      G
               +--------+--------+--------+--------+--------+-----+--------+
         Total |    179 |    179 |      0 |      0 |    131 |   1 |  179.0 |
       Dungeon |    179 |    179 |      0 |      0 |    131 |   1 |  179.0 |
               +--------+--------+--------+--------+--------+-----+--------+

Top non-repeatable levels by time:
     D:1: 179 daAuts
